 Dungeon Crawl Stone Soup version 0.30-a0-782-ge64f9170bb (webtiles) character file.

Game seed: 6884593188306557378

2366 Armakuni the Carver (level 9, -4/68 HPs)
             Began as a Human Monk on Mar 18, 2023.
             Was a Believer of the Shining One.
             Slain by a steam dragon (6 damage)
             ... on level 7 of the Dungeon.
             The game lasted 00:20:45 (8082 turns).

Armakuni the Carver (Human Monk)                    Turns: 8082, Time: 00:20:45

Health: -4/68      AC:  6    Str: 12    XL:     9   Next: 72%
Magic:  7/9        EV: 13    Int: 11    God:    the Shining One [**....]
Gold:   109        SH:  6    Dex: 19    Spells: 8/8 levels left

rFire   . . .      SeeInvis .    a - +0 long sword
rCold   . . .      Faith    .    (no shield)
rNeg    + . .      Spirit   .    g - +2 leather armour {rPois}
rPois   +          Reflect  .    (no helmet)
rElec   .          Harm     .    (no cloak)
rCorr   +          Rampage  .    i - +0 pair of gloves
Will    +....                    (no boots)
Stlth   +                        A - amulet of the acrobat
HPRegen 0.31/turn                W - ring of willpower
MPRegen 0.11/turn                K - ring of resist corrosion

@: divinely shielded, about to teleport, glowing
A: no striking features
a: Renounce Religion, Divine Shield


You were on level 7 of the Dungeon.
You worshipped the Shining One.
The Shining One was pleased with you.
You visited 2 branches of the dungeon, and saw 8 of its levels.
You also visited: Sewer.

You collected 428 gold pieces.
You spent 319 gold pieces at shops.

Inventory:

Hand Weapons
 a - a +0 long sword (weapon)
 k - a +2 short sword of speed
Armour
 g - a +2 leather armour of poison resistance (worn)
 i - a +0 pair of gloves (worn)
 l - the +1 ring mail of Janumuetu {rN+ Str+2}
   (You found it on level 2 of the Dungeon)

   Str:       It affects your strength (+2).
   rN:        It protects you from negative energy.
 o - the +0 pair of gloves "Ecok" {rPois rF- Regen+ MP+9}
   (You bought it in a shop on level 1 of the Dungeon)

   rF:        It makes you vulnerable to fire.
   rPois:     It protects you from poison.
   MP:        It affects your magic capacity (+9).
   Regen:     It increases your rate of health regeneration.
Jewellery
 A - an amulet of the acrobat (around neck)
 H - an amulet of reflection
 J - a ring of protection from cold
 K - a ring of resist corrosion (right hand)
 P - a ring of poison resistance
 W - a ring of willpower (left hand)
Scrolls
 b - 3 scrolls of blinking
 f - 3 scrolls of silence
 h - 3 scrolls of teleportation
 j - a scroll of fear
 m - a scroll of enchant armour
 p - a scroll of butterflies
Potions
 c - a potion of cancellation
 e - 2 potions of resistance
 r - a potion of flight


   Skills:
 - Level 5.0 Fighting
 + Level 12.0 Long Blades
 - Level 3.0 Dodging
 - Level 2.0 Stealth


You had 8 spell levels left.
You didn't know any spells.
Your spell library contained the following spells:

 Spells                   Type           Power      Damage    Failure   Level
 Shock                    Conj/Air       0%         1d3       41%         1
 Lesser Beckoning         Tloc           0%         N/A       56%         2
 Gell's Gravitas          Tloc           0%         N/A       80%         3
 Swiftness                Air            0%         N/A       80%         3
 Teleport Other           Tloc           0%         N/A       80%         3
 Airstrike                Air            0%         2d(0-16)  99%         4


Dungeon Overview and Level Annotations

Branches:
Dungeon (7/15)             Temple (1/1) D:6           Sewer (visited)

Altars:
Ashenzari
Cheibriados
Dithmenos
Elyvilon
Fedhas
Gozag
Hepliaklqana
Makhleb
Nemelex Xobeh
Okawaru
Qazlal
Ru
Trog
Uskayaw
Wu Jian
Xom
Yredelemnul
The Shining One

Shops:
D:1 *


Message History

The water moccasin is almost dead.
The water moccasin bites you but does no damage.
You block the water moccasin's attack.
You hit the water moccasin.
You kill the water moccasin!
Your Long Blades skill increases to level 12!
You slash the steam dragon!
The steam dragon is moderately wounded.
The steam dragon breathes steam at you. The ball of steam hits you!
* * * LOW HITPOINT WARNING * * *
You feel better.
You are engulfed in a cloud of scalding steam.
The steam dragon barely misses you.
The steam dragon claws you but does no damage.
You hit the steam dragon.
The steam dragon is moderately wounded.
You are engulfed in a cloud of scalding steam.
The steam dragon misses you. The steam dragon barely misses you.
You barely miss the steam dragon.
The steam dragon is moderately wounded.
You are engulfed in a cloud of scalding steam.
* * * LOW HITPOINT WARNING * * *
The steam dragon closely misses you. x2
You hit the steam dragon but do no damage.
The steam dragon is moderately wounded.
As you read the scroll of teleportation, it crumbles to dust.
You feel strangely unstable. The steam dragon breathes steam at you.
The ball of steam hits you!
* * * LOW HITPOINT WARNING * * *
Okay, then.
You are engulfed in a cloud of scalding steam.
* * * LOW HITPOINT WARNING * * *
You slash the steam dragon!
The steam dragon is severely wounded.
You are engulfed in a cloud of scalding steam.
* * * LOW HITPOINT WARNING * * *
The steam dragon bites you.
You die...

### #@## ##D## .
##§#
.####.###§######.
.................
####..♣♣♣♣.._..♣♣♣
..................
.#.....####..###
#..#...# ..#


You could see a steam dragon (catching breath).

Vanquished Creatures
  Sigmund (D:5)
  Menkaure (D:5)
  Edmund (D:5)
  An orc warrior (D:6)
  A water moccasin (D:7)
  A black bear (D:4)
  An ice beast (D:5)
  An ogre (D:4)
  3 phantoms
  2 bullfrogs (Sewer)
  3 necrophages
  2 scorpions
  A killer bee (D:7)
  3 hounds
  A jelly (D:4)
  2 orc priests
  Ijyb (D:3)
  Terence (D:3)
  An orc wizard (D:6)
  Natasha (thrice) (D:3)
  5 iguanas
  9 gnolls
  11 adders
  5 river rats
  A white imp (D:6)
  A worm (D:3)
  A dart slug (D:2)
  19 orcs
  8 endoplasms
  2 giant cockroaches
  8 hobgoblins
  7 kobolds
  3 quokkas
  18 ball pythons
  6 bats
  5 frilled lizards
  4 goblins
  33 rats
177 creatures vanquished.

Notes
Turn   | Place    | Note
-------+----------+-------------------------------------------
     0 | D:1      | Armakuni the Human Monk began the quest for the Orb.
     0 | D:1      | Reached XP level 1. HP: 18/18 MP: 1/1
   187 | D:1      | Reached XP level 2. HP: 24/24 MP: 2/2
   331 | D:1      | Found Ustirux's Assorted Antiques.
  1073 | D:2      | Identified the +1 ring mail of Janumuetu {rN+ Str+2}
  1111 | D:2      | Reached skill level 4 in Long Blades
  1111 | D:2      | Reached XP level 3. HP: 26/29 MP: 3/3
  1249 | D:2      | Reached XP level 4. HP: 29/35 MP: 4/4
  1518 | D:3      | Noticed Terence
  1532 | D:3      | Killed Terence
  1533 | D:3      | Reached skill level 5 in Long Blades
  1618 | D:3      | Noticed Natasha
  1621 | D:3      | Killed Natasha
  1622 | D:3      | Reached XP level 5. HP: 29/41 MP: 5/5
  1718 | D:3      | Found a blossoming altar of Fedhas.
  1857 | D:3      | Found a glowing drain.
  1869 | D:3      | Reached skill level 6 in Long Blades
  1882 | Sewer    | Entered a sewer
  1966 | Sewer    | Reached XP level 6. HP: 16/47 MP: 6/6
  2485 | Sewer    | HP: 1/47 [bullfrog (5)]
  2647 | Sewer    | Reached skill level 7 in Long Blades
  2739 | Sewer    | Reached XP level 7. HP: 31/52 MP: 7/7
  2867 | D:3      | Found an ornate altar of the Wu Jian Council.
  2977 | D:3      | Noticed Natasha
  2983 | D:3      | Killed Natasha
  3006 | D:3      | Noticed Ijyb
  3021 | D:3      | Killed Ijyb
  3145 | D:3      | Noticed Natasha
  3160 | D:3      | Killed Natasha
  3229 | D:3      | Reached skill level 8 in Long Blades
  4271 | D:4      | Reached XP level 8. HP: 46/61 MP: 8/8
  4367 | D:4      | Found a shimmering altar of Xom.
  4429 | D:4      | Reached skill level 5 in Fighting
  4569 | D:4      | Found a broken altar of Ashenzari.
  4918 | D:1      | Bought a pair of spiked gloves for 266 gold pieces
  4918 | D:1      | Identified the +0 pair of gloves "Ecok" {rPois rF- Regen+
                  | MP+9} (You bought it in a shop on level 1 of the Dungeon)
  5071 | D:5      | Entered Level 5 of the Dungeon
  5090 | D:5      | Identified the +1 quarterstaff "Amadim" {drain, Fragile
                  | rPois rF- Dex+7}
  5115 | D:5      | Reached skill level 9 in Long Blades
  5352 | D:5      | Found an iron altar of Okawaru.
  5371 | D:5      | Found an opulent altar of Gozag.
  5415 | D:5      | Noticed Sigmund
  5429 | D:5      | Killed Sigmund
  5430 | D:5      | Reached skill level 10 in Long Blades
  5430 | D:5      | Reached XP level 9. HP: 66/68 MP: 9/9
  5811 | D:5      | Noticed Edmund
  5830 | D:5      | Killed Edmund
  6032 | D:5      | Noticed Menkaure
  6043 | D:5      | Killed Menkaure
  6044 | D:5      | Reached skill level 11 in Long Blades
  7318 | D:6      | Found a staircase to the Ecumenical Temple.
  7328 | Temple   | Entered the Ecumenical Temple
  7378 | Temple   | Became a worshipper of the Shining One
  7378 | Temple   | Reached * piety under the Shining One
  7378 | Temple   | Reached ** piety under the Shining One
  7663 | D:7      | Found a basalt altar of Yredelemnul.
  7810 | D:1      | Bought a scroll labelled SUINIU HALLUK for 28 gold pieces
  7810 | D:1      | Bought a fuming sapphire potion for 25 gold pieces
  8060 | D:7      | Found a snail-covered altar of Cheibriados.
  8074 | D:7      | Reached skill level 12 in Long Blades
  8080 | D:7      | HP: 3/68 [steam dragon] (3)]
  8082 | D:7      | Slain by a steam dragon

Illustrated notes

Levels and vault maps discovered:
D:1:      lemuel_arrival_funnel, layout_basic, serial_shops, shop,
          serial_park_tiny_1
D:2:      layout_basic
D:3:      layout_basic, nicolae_wu_jian_wuxing_cycle, fedhas_altar_1,
          portal_sewer_entry_c, chequers_serial_rivers_small_a, uniq_natasha,
          uniq_ijyb, uniq_terence
D:4:      layout_basic, mainiacjoe_overflow_catwalk,
          mainiacjoe_overflow_alcove_2, chequers_serial_rivers_small_3
D:5:      layout_basic, mainiacjoe_overflow_cross_hatched,
          nicolae_gozag_seed_capital, uniq_sigmund, uniq_edmund, uniq_menkaure
D:6:      layout_basic, minmay_temple_entry_stoned_glass
D:7:      nzn_winding_woodlands_cross [nzn_winding_woodlands_5x15_cabin,
          nzn_winding_woodlands_5x15_split_checker,
          nzn_winding_woodlands_5x15_jagged,
          nzn_winding_woodlands_5x15_lazy_stream,
          nzn_winding_woodlands_15x15_boxy_spiral], layout_layer_cave,
          mainiacjoe_overflow_boulevard, mainiacjoe_overflow_paths
Temple:   nicolae_temple_ecumenical_triangle

Skill      XL: |  1  2  3  4  5  6  7  8  9 |
---------------+----------------------------+-----
Long Blades    | 4 5 6 7 8 10 12 | 12.0
Fighting       | 4 5 |  5.0
Dodging        | |  3.0
Stealth        | |  2.0

Action                     |  1- 3 |  4- 6 |  7- 9 || total
---------------------------+-------+-------+-------++-------
  Melee: Falchion          |    30 |       |       ||    30
         Punch             |     1 |     2 |     6 ||     9
         Long sword        |    53 |   215 |   388 ||   656
 Invoke: Divine Shield     |       |       |     1 ||     1
  Evoke: Wand              |       |       |     3 ||     3
    Use: Scroll            |     4 |     4 |     9 ||    17
         Potion            |       |     6 |     7 ||    13
   Stab: Sleeping          |     3 |     1 |       ||     4
         Invisible         |       |     2 |       ||     2
 Armour: Robe              |    17 |       |       ||    17
         Ring mail         |    23 |   133 |    72 ||   228
         Skin              |       |     3 |    25 ||    28
         Leather armour    |       |       |    20 ||    20
  Dodge: Dodged            |    59 |   204 |   152 ||   415
  Block: Other             |    17 |    84 |    54 ||   155
         Reflection        |       |     1 |       ||     1

Table legend: (Time is in decaauts)
 A = Elapsed time spent in this place.
 B = Non-inter-level travel time spent in this place.
 C = Inter-level travel time spent in this place.
 D = Time resting spent in this place.
 E = Time spent auto-exploring this place.
 F = Levels seen in this place.
 G = Mean time per level.
                   A        B        C        D        E       F      G
               +--------+--------+--------+--------+--------+-----+--------+
         Total |   8170 |   7432 |    738 |   1699 |   3773 |   9 |  907.8 |
       Dungeon |   7081 |   6351 |    730 |   1252 |   3510 |   7 | 1011.6 |
        Temple |     59 |     51 |      8 |      0 |     35 |   1 |   59.0 |
         Sewer |   1029 |   1029 |      0 |    447 |    227 |   1 | 1029.0 |
               +--------+--------+--------+--------+--------+-----+--------+

Top non-repeatable levels by time:
     D:5: 1636 daAuts
     D:3: 1433 daAuts
     D:4: 1129 daAuts
     D:1: 1031 daAuts
   Sewer: 1029 daAuts
     D:6: 967 daAuts
     D:2: 693 daAuts
     D:7: 189 daAuts
  Temple: 59 daAuts
